 Dungeon Crawl Stone Soup version 0.20.1-1-g8b1a95d (webtiles) character file.

64 Folque the Magician (level 4, -3/30 HPs)
             Began as an Octopode Wizard on Dec 2, 2017.
             Slain by a gnoll
             ... wielding a +0 halberd
              (10 damage)
             ... on level 2 of the Dungeon.
             The game lasted 00:05:53 (1672 turns).

Folque the Magician (Octopode Wizard)               Turns: 1672, Time: 00:05:54

Health: -3/30      AC:  1    Str:  6    XL:     4   Next: 12%
Magic:  1/9        EV: 13    Int: 21    God:
Gold:   25         SH:  0    Dex: 10    Spells: 1/9 levels left

rFire    + . .     SeeInvis .   r - +0 short sword
rCold    . . .     Gourm    .   (no shield)
rNeg     . . .     Faith    .   a - +0 hat
rPois    +         Spirit   .   (no amulet)
rElec    .         Reflect  .   d - ring of poison resistance
rCorr    .         Harm     .   m - ring of protection from fire
MR       .....                  (no ring)
Stlth    +++.......             (no ring)
Regen    0.1/turn               (no ring)
MPRegen  0.2/turn               (no ring)
                                (no ring)
                                (no ring)

@: flying, very slightly contaminated
A: almost no armour, stealthy swim, amphibious, 8 rings, constrict 8, camouflage
1, gelatinous body 1
a: no special abilities


You were on level 2 of the Dungeon.
You were not hungry.

You visited 1 branch of the dungeon, and saw 2 of its levels.

You collected 25 gold pieces.

Inventory:

Hand Weapons
 r - a +0 short sword (weapon)
Armour
 a - a +0 hat (worn)
Jewellery
 d - a ring of poison resistance (left tentacle)
 m - a ring of protection from fire (right tentacle)
Scrolls
 e - a scroll of identify {unknown}
 g - a scroll of enchant weapon {unknown}
 k - a scroll of fear {unknown}
 n - a scroll of remove curse
 p - a scroll of blinking {unknown}
 t - a scroll of immolation {unknown}
 u - a scroll of teleportation {unknown}
 w - a scroll of recharging {unknown}
Potions
 f - a potion of agility {unknown}
 j - 2 potions of heal wounds {unknown}
 q - a potion of flight
 s - a potion of ambrosia {unknown}
Books
 b - a book of Minor Magic

   Spells                             Type                      Level
   a - Magic Dart                     Conjuration                  1
   b - Blink                          Translocation                2
   c - Call Imp                       Summoning                    2
   d - Slow                           Hexes                        2
   e - Conjure Flame                  Conjuration/Fire             3
   f - Mephitic Cloud                 Conjuration/Poison/Air       3
Comestibles
 c - a bread ration
 i - 4 fruits
 o - a meat ration
 v - 5 chunks of flesh


   Skills:
 * Level 2.8 Fighting
 - Level 2.0 Dodging
 - Level 2.6 Stealth
 + Level 3.4 Spellcasting
 - Level 1.0 Conjurations
 - Level 1.0 Summonings
 - Level 1.0 Translocations
 * Level 0.8 Poison Magic


You had one spell level left.
You knew the following spells:

 Your Spells              Type           Power        Failure   Level  Hunger
a - Magic Dart            Conj           #...         9%          1    None
b - Call Imp              Summ           #.......     13%         2    ##.....
c - Blink                 Tloc           N/A          13%         2    ##.....
d - Mephitic Cloud        Conj/Pois/Air  #.......     30%         3    ###....


Dungeon Overview and Level Annotations

Branches:
Dungeon (2/15)

Altars:

Annotations:
D:2 Natasha


Innate Abilities, Weirdness & Mutations

You cannot wear most types of armour.
You are very stealthy in the water. (Stealth+)
You are amphibious.
You can wear up to eight rings at the same time.
You can use your tentacles to constrict eight enemies at once.
Your skin changes colour to match your surroundings (Stealth+).
Your rubbery body absorbs attacks. (AC +1, EV +1)


Message History

You constrict Natasha.
The gnoll hits you from afar with a spear.
Natasha claws the gnoll.
You hit Natasha.
Natasha is heavily wounded.
You constrict Natasha.
The gnoll hits you from afar with a spear!
Natasha claws the gnoll.
A gnoll comes into view. It is wielding a halberd.
You hit Natasha but do no damage.
Natasha is severely wounded.
You constrict Natasha.
The gnoll hits you from afar with a spear!
* * * LOW HITPOINT WARNING * * *
It was a potion of flight.
You feel very buoyant.
You fly up into the air.
You constrict Natasha. The gnoll hits you but does no damage.
The gnoll hits you from afar with a halberd!
You die...

##.####.###.#
##.....†# #.#
#######.# #.# #
#.###.######
#######.)........####
....................#
.######.##.....gg...#
.# #.##..####.#..# .#
#.....# #@#..# .#
#.##.## #h#..########
## #.#...##
#g#.......... #
#......###.##.########
# #..........##.#
########.....######.#
............## #(#
.####.####..# #.# .#
#.# #..# #.#


You could see Natasha (confused) and 3 gnolls.

Vanquished Creatures
  2 dart slugs (D:1)
  A leopard gecko (D:1)
  A bat (D:2)
  A giant cockroach (D:1)
  4 goblins
  4 hobgoblins
  8 kobolds
  3 frilled lizards (D:1)
  2 rats (D:2)
26 creatures vanquished.

Vanquished Creatures (collateral kills)
  Natasha (D:2)
  2 adders (D:2)
  An ooze (D:2)
  A worm (D:2)
  A giant cockroach (D:2)
  A hobgoblin (D:2)
7 creatures vanquished.

Grand Total: 33 creatures vanquished

Notes
Turn   | Place    | Note
-------+----------+-------------------------------------------
     0 | D:1      | Folque the Octopode Wizard began the quest for the Orb.
     0 | D:1      | Reached XP level 1. HP: 11/11 MP: 4/4
    58 | D:1      | Reached skill level 1 in Fighting
    67 | D:1      | Reached XP level 2. HP: 5/18 MP: 6/6
   691 | D:1      | Learned a level 2 spell: Call Imp
   694 | D:1      | Learned a level 2 spell: Blink
   740 | D:2      | Noticed Natasha
   741 | D:2      | Reached XP level 3. HP: 24/24 MP: 7/7
   749 | D:2      | Killed Natasha
  1456 | D:2      | Learned a level 3 spell: Mephitic Cloud
  1501 | D:2      | Reached XP level 4. HP: 30/30 MP: 2/9
  1655 | D:2      | Noticed Natasha
  1672 | D:2      | Slain by a gnoll

Skill      XL: |  1  2 |
---------------+-------+-----
Fighting       | 1 2 |  2.8
Dodging        | |  2.0
Stealth        | |  2.6
Spellcasting   | |  3.4
Conjurations   | |  1.0
Summonings     | |  1.0
Translocations | |  1.0
Poison Magic   | |  0.8

Action                   |  1- 3 |  4- 6 || total
-------------------------+-------+-------++-------
Melee: Unarmed           |    24 |       ||    24
       Constrict         |    15 |     2 ||    17
       Tentacles         |     4 |     1 ||     5
       Dagger            |    14 |       ||    14
       Club              |     9 |       ||     9
       Short sword       |    28 |    11 ||    39
 Cast: Magic Dart        |     8 |       ||     8
       Call Imp          |    11 |       ||    11
       Mephitic Cloud    |       |     2 ||     2
  Use: Scroll            |       |     1 ||     1
       Potion            |       |     1 ||     1
 Stab: Sleeping          |     6 |     1 ||     7
  Eat: Chunk             |     1 |     2 ||     3
Armor: Skin              |     3 |       ||     3
Dodge: Dodged            |    30 |     2 ||    32
